Map: Lost and Found LE

Players

Optimus - Winner!

  • Race: Terran Terran
  • Spawn Location: 1:00

Ryosis

  • Race: Zerg Zerg
  • Spawn Location: 7:00

Event: WCS Valencia 2018

VOD

Have the link to the VOD?

Description

Time

  • Played on: July 12, 2018, 8:03 a.m.
  • Length: 14:34

All games in this series

Show
View Real Time Build Order
Export as new Build Order

Optimus Terran - Winner!

Build Orders: Reaper Expand, Mech 

Get SALT Encoding   

  12  0:00  SCV  
  13  0:12  SCV  
  14  0:17  Supply Depot  
  14  0:24  SCV  
  15  0:38  SCV  
  15  0:40  Barracks  
  16  0:43  Refinery  
  16  0:50  SCV  
  17  1:02  SCV  
  18  1:15  SCV  
  19  1:27  Orbital Command, Reaper  
  20  1:39  Command Center  
  20  1:48  Supply Depot  
  20  1:53  SCV  
  21  1:59  Marine  
  22  2:04  Factory  
  22  2:07  SCV  
  23  2:13  Refinery  
  23  2:19  SCV  
  23  2:21  Barracks Reactor  
  24  2:31  SCV  
  25  2:43  SCV  
  24  2:55  SCV  
  24  2:56  Starport  
  25  3:02  Hellion x2  
  25  3:05  Barracks Tech Lab  
  29  3:08  SCV  
  29  3:10  Orbital Command  
  30  3:20  SCV  
  30  3:24  Hellion  
  30  3:25  Hellion  
  35  3:32  SCV  
  37  3:43  Banshee  
  37  3:45  Bunker, Marine  
  40  3:52  Cyclone  
  43  3:55  Cyclone  
  46  4:04  Supply Depot  
  39  4:19  SCV  
  39  4:24  SCV  
  37  4:31  SCV  
  41  4:32  Banshee  
  41  4:36  SCV  
  45  4:40  Cloaking Field  
  45  4:43  SCV  
  43  4:47  Hellion  
  43  4:48  SCV, Barracks Reactor  
  46  4:55  SCV  
  46  4:56  Supply Depot  
  47  5:00  SCV  
  48  5:07  SCV  
  48  5:12  SCV  
  48  5:14  Command Center  
  50  5:18  Viking  
  50  5:19  SCV  
  53  5:22  Supply Depot  
  53  5:24  SCV  
  54  5:31  SCV  
  54  5:32  Hellion x2  
  59  5:36  SCV  
  60  5:43  SCV  
  60  5:45  Refinery  
  60  5:46  Refinery  
  60  5:48  SCV  
  62  5:53  Hellion x2  
  62  5:55  Barracks Tech Lab, SCV  
  67  5:59  Factory  
  67  6:00  SCV  
  67  6:03  Factory  
  68  6:08  SCV  
  68  6:10  Starport Reactor  
  68  6:13  SCV  
  69  6:20  SCV  
  69  6:22  Armory  
  69  6:23  Armory, Supply Depot  
  69  6:25  Supply Depot, SCV  
  75  6:26  Hellion x2  
  75  6:32  Orbital Command, SCV  
  76  6:38  SCV  
  77  6:44  SCV  
  78  6:50  SCV  
  78  6:51  Siege Tank x2  
  78  6:52  Hellion x2  
  87  6:57  Orbital Command, SCV  
  88  7:02  SCV  
  88  7:04  Medivac x2  
  91  7:09  Refinery, SCV  
  91  7:12  Refinery  
  91  7:14  SCV, Hellion x2  
  97  7:21  SCV  
  97  7:22  Terran Vehicle And Ship Armor Level 1, Terran Vehicle Weapons Level 1  
  98  7:23  SCV  
  98  7:26  SCV  
  100  7:30  Supply Depot  
  100  7:33  Supply Depot, SCV  
  101  7:43  Siege Tank x2, SCV  
  101  7:44  SCV  
  109  7:46  SCV  
  106  7:51  Hellion x2  
  106  7:55  SCV  
  106  7:56  SCV  
  104  7:58  SCV  
  105  8:06  Factory x2  
  105  8:07  SCV  
  105  8:08  SCV  
  105  8:09  Supply Depot  
  105  8:10  SCV  
  108  8:13  Medivac x2  
  112  8:25  Siege Tank  
  112  8:26  Hellion x2  
  119  8:27  Siege Tank  
  119  8:29  SCV x2  
  119  8:32  Command Center  
  119  8:33  Supply Depot  
  121  8:35  Infernal Pre-Igniter  
  119  8:42  SCV  
  113  8:52  Hellion x2  
  113  8:53  SCV, Factory Tech Lab  
  113  8:55  SCV  
  114  8:57  Siege Tank  
  114  8:58  Factory Reactor  
  114  8:59  Siege Tank  
  119  9:04  SCV  
  119  9:05  SCV  
  119  9:07  SCV  
  122  9:12  Supply Depot x2  
  122  9:21  Siege Tank  
  122  9:22  Hellion x2  
  129  9:27  Command Center  
  129  9:29  Siege Tank  
  129  9:30  Engineering Bay, Supply Depot, Hellion  
  129  9:31  Smart Servos, Hellion  
  132  9:34  Viking x2  
  136  9:39  Hellion x2  
  140  9:50  Terran Vehicle And Ship Armor Level 2  
  140  9:53  Hellion x2  
  140  9:55  Hellion x2  
  140  10:05  Hellion x2  
  140  10:06  Viking x2  
  146  10:08  Siege Tank  
  147  10:17  Hellion  
  147  10:18  Hellion  
  151  10:23  Missile Turret  
  151  10:25  Missile Turret  
  151  10:27  Sensor Tower  
  151  10:29  Supply Depot  
  151  10:31  Siege Tank x2, Hellion x2  
  151  10:33  Terran Vehicle Weapons Level 2  
  161  10:36  Viking  
  161  10:41  Planetary Fortress  
  163  10:43  Orbital Command  
  163  10:46  Hellion x2  
  167  10:53  Refinery  
  167  10:57  Refinery  
  166  10:58  Hellion x2  
  168  11:07  Hellion  
  168  11:09  Siege Tank x2  
  168  11:10  Sensor Tower, Hellion x2  
  177  11:14  Viking  
  177  11:15  Viking  
  181  11:26  Missile Turret  
  181  11:27  Missile Turret  
  181  11:28  Hellion x2  
  181  11:29  Hellion  
  187  11:47  Siege Tank x2  
  187  11:48  Hellion x2  
  187  11:49  Hellion  
  192  11:55  Viking  
  192  11:56  Viking  
  192  11:59  Hellion x2  
  183  12:11  Hellion  
  183  12:12  Hellion  
  184  12:24  SCV x3  
  184  12:25  Viking  
  184  12:26  Viking  
  189  12:30  Siege Tank x2, Hellion x2  
  189  12:33  SCV  
  189  12:36  Hellion  
  200  12:37  Hellion  
  193  12:44  Thor  
  193  12:47  Orbital Command  
  195  12:52  Hellion x2  
  195  12:57  Viking x2  
  195  13:02  Siege Tank  
  198  13:10  Orbital Command  
  198  13:12  SCV x2  
  187  13:18  Hellion  
  187  13:19  SCV, Hellion  
  166  13:24  SCV  
  151  13:27  Hellion  
  151  13:31  Hellion  
  155  13:40  Viking x2  
  152  14:10  SCV x2  
  152  14:11  SCV  
Show
View Real Time Build Order
Export as new Build Order

Ryosis Zerg 

Build Orders: Pool First, Roach Hydra 

Get SALT Encoding   

  12  0:00  Drone  
  13  0:13  Overlord  
  13  0:16  Drone  
  14  0:31  Drone x2  
  14  0:35  Drone  
  17  0:45  Spawning Pool  
  17  0:46  Drone  
  17  1:07  Hatchery  
  17  1:09  Drone  
  17  1:23  Extractor  
  16  1:31  Zergling x6  
  19  1:33  Queen  
  21  1:43  Overlord  
  21  1:55  Drone  
  22  2:08  Queen  
  22  2:14  Drone  
  25  2:19  Drone x2  
  27  2:25  Roach Warren  
  26  2:32  Overlord  
  23  3:05  Roach x8  
  39  3:12  Roach  
  41  3:18  Overlord  
  41  3:19  Drone  
  42  3:20  Drone  
  42  3:23  Drone  
  44  3:35  Overlord  
  44  3:37  Drone x2  
  44  3:38  Ravager  
  47  3:41  Drone  
  47  3:43  Drone  
  47  3:47  Drone  
  50  3:51  Drone  
  50  3:52  Drone  
  50  3:54  Drone  
  53  3:56  Drone  
  54  4:05  Drone x2  
  54  4:09  Drone  
  57  4:11  Drone  
  57  4:15  Drone  
  57  4:16  Drone  
  58  4:19  Drone x2  
  58  4:21  Drone x2  
  60  4:26  Overlord  
  60  4:34  Extractor  
  60  4:35  Extractor, Lair  
  49  4:41  Hatchery  
  49  4:44  Queen  
  46  4:54  Drone x3  
  46  4:58  Roach x3  
  53  5:02  Roach  
  53  5:04  Roach  
  57  5:08  Spore Crawler  
  57  5:11  Spore Crawler  
  55  5:19  Overlord  
  55  5:20  Drone, Queen  
  58  5:26  Drone x2  
  60  5:33  Overseer  
  60  5:34  Overlord  
  60  5:37  Overlord  
  60  5:39  Drone x2  
  60  5:40  Drone, Glial Reconstitution  
  63  5:43  Drone  
  63  5:49  Queen  
  64  5:53  Spore Crawler  
  65  5:59  Drone  
  65  6:00  Drone x3  
  65  6:01  Overseer  
  65  6:02  Evolution Chamber  
  65  6:03  Drone  
  68  6:07  Drone  
  68  6:08  Drone  
  68  6:10  Drone x2  
  69  6:18  Drone x3  
  72  6:20  Queen  
  74  6:27  Zerg Missile Weapons Level 1  
  74  6:31  Overlord  
  74  6:32  Drone  
  75  6:33  Drone  
  75  6:34  Extractor, Drone  
  75  6:35  Extractor  
  75  6:37  Extractor  
  74  6:41  Drone  
  74  6:42  Ravager  
  74  6:43  Hydralisk Den  
  74  6:44  Drone x2  
  74  6:45  Overlord  
  77  6:47  Drone  
  77  6:48  Drone x2  
  77  6:50  Drone  
  77  6:53  Roach  
  83  6:55  Ravager  
  84  7:06  Hatchery  
  84  7:08  Drone x4  
  87  7:12  Muscular Augments  
  87  7:15  Infestation Pit, Drone  
  87  7:21  Overlord  
  87  7:24  Drone  
  87  7:26  Drone x2  
  87  7:27  Drone x2  
  87  7:29  Drone x2  
  94  7:32  Roach x2  
  98  7:40  Drone  
  98  7:41  Drone  
  98  7:43  Overlord  
  100  7:44  Drone  
  99  7:51  Drone  
  99  7:52  Drone  
  99  7:53  Drone  
  99  7:54  Drone x2  
  101  7:58  Drone  
  101  7:59  Drone x2  
  101  8:02  Hive  
  104  8:05  Overlord  
  104  8:06  Hydralisk x4  
  112  8:13  Overlord, Hydralisk  
  112  8:19  Overlord  
  112  8:24  Hydralisk x3  
  113  8:32  Overlord, Hydralisk x3  
  119  8:34  Grooved Spines  
  119  8:45  Hydralisk x2  
  123  8:50  Overlord  
  123  8:51  Hydralisk x2  
  123  8:52  Hydralisk x4  
  123  8:54  Drone x3  
  128  9:02  Zerg Missile Weapons Level 2  
  124  9:03  Queen  
  124  9:06  Hydralisk x2  
  124  9:07  Spore Crawler, Extractor x2  
  127  9:12  Viper x2  
  127  9:13  Viper  
  127  9:15  Roach  
  138  9:23  Roach x5  
  148  9:28  Overlord  
  148  9:30  Roach x2  
  152  9:32  Pneumatized Carapace  
  152  9:34  Roach  
  152  9:35  Roach  
  152  9:37  Overlord  
  156  9:43  Roach x2  
  160  9:45  Overlord  
  160  9:51  Drone x7  
  165  9:53  Roach  
  165  9:58  Drone x2  
  165  9:59  Drone  
  167  10:00  Drone x2  
  166  10:11  Hydralisk x4  
  171  10:17  Roach x2  
  175  10:25  Roach x3  
  175  10:26  Overlord, Roach  
  183  10:29  Overlord  
  183  10:41  Spire  
  182  10:45  Extractor, Hatchery  
  182  10:48  Roach x5  
  180  11:00  Drone x3  
  182  11:06  Roach x5  
  192  11:13  Roach x3  
  198  11:19  Overlord  
  198  11:21  Zerg Missile Weapons Level 3  
  198  11:30  Overlord  
  194  11:43  Drone x3  
  194  11:44  Drone  
  194  11:45  Drone x2  
  198  11:55  Greater Spire  
  198  11:56  Corruptor x3  
  190  12:07  Unknown  
  190  12:08  Unknown  
  160  12:09  Corruptor x5  
  170  12:27  Infestor  
  172  12:33  Hydralisk x4  
  144  13:09  Brood Lord  
  144  13:10  Brood Lord x7  
  144  13:11  Roach  
  144  13:12  Roach  
  137  13:21  Roach  
  137  13:22  Roach x5  
  137  13:25  Hydralisk  
  139  13:33  Hydralisk x2  
  141  13:39  Roach  
  141  13:40  Overlord x2, Roach x3  
  141  13:41  Overlord  
  149  13:46  Unknown  
  143  13:50  Overlord  
  143  13:54  Overlord  
  143  14:00  Hydralisk x4  
  145  14:10  Roach x3  
Tags
 
Add a new tag
Caveats
  • Supply blocks, unpowered buildings, or Contaminate may cause inaccurate times.
  • Supply counts are checked every 10 seconds.